 Dungeon Crawl Stone Soup version 0.18.1-8-gdd0e5ea (webtiles) character file.

108 M4edhros the Insei (level 4, -9/35 HPs)
             Began as a Mummy Monk on June 7, 2016.
             Mangled by Natasha (15 damage)
             ... on level 3 of the Dungeon.
             The game lasted 00:04:56 (3899 turns).

M4edhros the Insei (Mummy Monk)                     Turns: 3899, Time: 00:04:56

Health: -9/35      AC:  0    Str: 14    XL:     4   Next: 58%
Magic:  4/4        EV: 13    Int:  9    God:
Gold:   120        SH:  0    Dex: 15    Spells: 0 memorised, 3 levels left

rFire  x . .     SeeInvis .       - Unarmed
rCold  + . .     Gourm    .     (no armour)
rNeg   + + +     Faith    .     (no shield)
rPois  ∞         Spirit   .     (no helmet)
rElec  .         Dismiss  .     (no cloak)
rCorr  .         Reflect  .     (no gloves)
SustAt .         Harm     .     (no boots)
MR     .....                    (no amulet)
Stlth  ++........               (no ring)
                                (no ring)

@: not resistant to hostile enchantments, unstealthy
A: no food or potions, fire vulnerability, cold resistance 1, negative energy
resistance 3, torment resistance, unbreathing
a: no special abilities


You were on level 3 of the Dungeon.
You were not hungry.

You visited 1 branch of the dungeon, and saw 3 of its levels.

You collected 120 gold pieces.

Inventory:

Scrolls
 b - a scroll of noise {unknown}
 c - a scroll of teleportation {unknown}
 d - a scroll of blinking {unknown}
 e - 2 scrolls of identify {unknown}
 f - 3 scrolls of magic mapping {unknown}
 g - 2 scrolls of recharging {unknown}
 h - 2 scrolls of enchant weapon {unknown}
Comestibles
 i - a meat ration (quivered)


   Skills:
 - Level 3.0 Fighting
 - Level 2.4 Dodging
 - Level 1.5 Stealth
 + Level 5.0 Unarmed Combat


You had 3 spell levels left.
You didn't know any spells.

Dungeon Overview and Level Annotations

Branches:
Dungeon (3/15)

Altars:
Okawaru
Yredelemnul

Annotations:
D:3 Natasha


Innate Abilities, Weirdness & Mutations

You do not eat or drink.
Your flesh is vulnerable to fire.
You are immune to poison.
Your flesh is cold resistant.
You are immune to negative energy.
You are immune to unholy pain and torment.
You can survive without breathing.


Message History

Natasha misses you. The white imp gestures at you. The puff of frost hits you!
You resist. The white imp gestures at you. The puff of frost misses you.
The giant cockroach waves its antennae.
Natasha claws you!
* * * LOW HITPOINT WARNING * * *
You see here a scroll labeled CYLYRU WECEYTU.
The white imp gestures at you. The puff of frost hits you! You resist.
* * * LOW HITPOINT WARNING * * *
There is a stone staircase leading up here.
You can't drink.
Read which item? (? for menu, Esc to quit)
Okay, then.
Read which item? (? for menu, Esc to quit)
As you read the scroll labeled ZIBBOW XEULU, it crumbles to dust.
The scroll dissolves into smoke.
It was a scroll of fog.
Natasha claws you!
You die...

.....#.........##.#.#..#
._....÷........##......#.
.....#.........##.#......
.... #...................
... #............#......
#...................
............§..#......)..#
...###...#s5§#.#
##........ ....
##...§h@#.####.......>.#
###.
#?..§#§§§..............
.......§§§§..............
.......%....####....... ..
.....######..###....##
##... ##..†......# ..##
##.##.....##### #.
#..##..........
#..###......#...


You could see Natasha, a white imp and a giant cockroach.

Vanquished Creatures
  2 adders (D:2)
  A shadow imp (D:3)
  2 oozes
  4 worms (D:2)
  A dart slug (D:1)
  2 giant geckos
  4 giant cockroaches
  4 goblins
  6 hobgoblins
  3 jackals
  3 kobolds (D:1)
  A quokka (D:2)
  A ball python (D:1)
  11 bats
  4 giant newts
  10 rats
  2 plants (D:1)
61 creatures vanquished.

Notes
Turn   | Place    | Note
--------------------------------------------------------------
     0 | D:1      | M4edhros the Mummy Monk began the quest for the Orb.
     0 | D:1      | Reached XP level 1. HP: 18/18 MP: 1/1
   141 | D:1      | Reached XP level 2. HP: 24/24 MP: 2/2
   580 | D:1      | Reached skill level 4 in Unarmed Combat
   774 | D:1      | Reached XP level 3. HP: 9/29 MP: 3/3
  2454 | D:2      | Reached XP level 4. HP: 26/35 MP: 4/4
  2488 | D:2      | Found an iron altar of Okawaru.
  3326 | D:3      | Found a basalt altar of Yredelemnul.
  3349 | D:3      | Noticed Natasha
  3765 | D:3      | Reached skill level 5 in Unarmed Combat
  3899 | D:3      | Mangled by Natasha

Skill      XL: |  1  2  3  4 |
---------------+-------------+-----
Unarmed Combat | 4 5 |  5.0
Fighting       | |  3.0
Dodging        | |  2.4
Stealth        | |  1.5

Action                   |  1- 3 |  4- 6 || total
-------------------------+-------+-------++-------
Melee: Unarmed           |   242 |    87 ||   329
       Punch             |     8 |     2 ||    10
  Use: Scroll            |       |     1 ||     1
 Stab: Sleeping          |     4 |     2 ||     6
Dodge: Dodged            |    78 |    60 ||   138
